 Dungeon Crawl Stone Soup version 0.29-a0-355-g7276a9ff7f (webtiles) character file.

Game seed: 18360354095097740680

53 Flugkiller the Sneak (level 3, -1/26 HPs)
             Began as an Octopode Cinder Acolyte on Apr 25, 2022.
             Was an Elder of Ignis.
             Killed by divine providence
             ... invoked by an orc priest
              (13 damage)
             ... on level 2 of the Dungeon.
             The game lasted 00:01:12 (956 turns).

Flugkiller the Sneak (Octopode Cinder Acolyte)       Turns: 956, Time: 00:01:13

Health: -1/26      AC:  1    Str: 13    XL:     3   Next: 89%
Magic:  2/4        EV: 13    Int: 16    God:    Ignis [****..]
Gold:   79         SH:  0    Dex:  9    Spells: 2/4 levels left

rFire   + + .      SeeInvis .   a - -1 spear (flame)
rCold   . . .      Faith    .   (no shield)
rNeg    . . .      Spirit   .   (helmet restricted)
rPois   .          Reflect  .   (no amulet)
rElec   .          Harm     .   p - ring of protection from fire
rCorr   .          Rampage  .   (no ring)
Will    .....                   (no ring)
Stlth   +++.......              (no ring)
HPRegen 0.08/turn               (no ring)
MPRegen 0.09/turn               (no ring)
                                (no ring)
                                (no ring)

@: no status effects
A: almost no armour, amphibious, 8 rings, camouflage 1, gelatinous body 1,
(nimble swimmer 1), tentacles
a: Renounce Religion, Fiery Armour, Foxfire Swarm, Rising Flame


You were on level 2 of the Dungeon.
You worshipped Ignis.
Ignis was greatly pleased with you.
You visited 1 branch of the dungeon, and saw 2 of its levels.

You collected 79 gold pieces.

Inventory:

Hand Weapons
 a - a -1 spear of flaming (weapon)
Jewellery
 b - a +6 ring of strength
   (You found it on level 1 of the Dungeon)
 p - a ring of protection from fire (left tentacle)
   (You found it on level 1 of the Dungeon)
Scrolls
 c - a scroll of amnesia {unknown}
 d - a scroll of noise {unknown}
 f - a scroll of teleportation {unknown}


   Skills:
 - Level 3.0 Fighting
 - Level 3.0 Polearms
 + Level 2.2 Dodging
 + Level 3.3 Stealth
 - Level 1.0 Spellcasting
 - Level 3.0 Fire Magic


You had 2 spell levels left.
You knew the following spells:

 Your Spells              Type           Power      Damage    Failure   Level
a - Scorch                Fire           20%        2d6       10%         2

Your spell library contained the following spells:

 Spells                   Type           Power      Damage    Failure   Level


Dungeon Overview and Level Annotations

Branches:
Dungeon (2/15)

Altars:


Innate Abilities, Weirdness & Mutations

You cannot wear most types of armour.
You are amphibious.
You can wear up to eight rings at the same time.
Your skin changes colour to match your surroundings (Stealth+).
Your rubbery body absorbs attacks. (AC +1, EV +1)
((You are camouflaged when in or above water. (Stealth+)))
You have tentacles for arms and can constrict up to eight enemies at once.


Message History

Unknown command.
You release your grip on the gnoll.
The gnoll attacks as you move away! The gnoll hits you with a +0 flail.
* * * LOW HITPOINT WARNING * * *
The orc barely misses you.
Unknown command.
The bat barely misses you.
There is an open door here.
The orc attacks as you move away! The orc closely misses you.
It was a potion of heal wounds.
You feel much better. The orc hits you with a +0 hand axe.
Casting: Scorch (safe; 10% risk of failure)
Confirm with . or Enter, or press ? or * to list all spells.
You don't have enough magic to cast this spell.
You hit the orc. You burn the orc. Your grab misses the orc.
You squeeze the orc.
The orc is severely wounded.
The orc hits you but does no damage.
You barely miss the orc. Your grab misses the orc. Your squeeze misses the orc.
The orc is severely wounded.
The orc barely misses you.
You hit the orc but do no damage. You grab the orc.
The orc is severely wounded.
You constrict the orc, but do no damage.
The orc hits you with a +0 hand axe.
You hit the orc but do no damage. You squeeze the orc.
You kill the orc!
Flames leap up around you! The orc hits you with a +0 whip.
Unknown command.
Your foxfire dissipates!
The foxfire hits the orc but does no damage. x3
The foxfire hits the orc.
The orc is lightly wounded.
The foxfire hits the orc but does no damage.
The orc is lightly wounded.
The foxfire hits the orc but does no damage.
The orc is lightly wounded.
The foxfire hits the orc.
The orc is moderately wounded.
Unknown command.
The orc attacks as you move away! The orc completely misses you.
The foxfire hits the gnoll but does no damage.
Your foxfire dissipates!
The orc attacks as you move away! The orc hits you with a +0 whip.
An orc comes into view. It is wielding a +0 trident.
The orc shouts!
You hear a shout! x2
An orc comes into view. It is wielding a +0 dagger.
The gnoll falls through a shaft!
The shaft crumbles and collapses.
You hit the orc but do no damage. Your grab misses the orc.
The orc is moderately wounded.
You hit the orc. You burn the orc. You grab the orc.
The orc is heavily wounded.
You constrict the orc.
An orc priest comes into view. It is wielding a +0 short sword.
The orc hits you but does no damage.
An orc comes into view. It is wielding a +0 flail.
Flames leap up around you!
You constrict the orc.
The orc hits you from afar with a +2 antimagic trident.
You feel your power leaking away.
The foxfire hits the orc.
The orc is almost dead.
The foxfire hits the gnoll.
The gnoll is lightly wounded.
The orc misses you.
Unknown command.
You constrict the orc, but do no damage.
The foxfire hits the orc.
You kill the orc!
The foxfire hits the orc.
The orc is almost dead.
The foxfire hits the gnoll.
The gnoll is moderately wounded.
The foxfire hits the orc.
You kill the orc!
The foxfire hits the orc.
You kill the orc!
The foxfire hits the gnoll.
The gnoll is heavily wounded.
The foxfire hits the gnoll.
The gnoll is almost dead.
The foxfire hits the gnoll.
You kill the gnoll!
The foxfire hits the orc.
The orc is severely wounded.
The foxfire hits the orc.
You kill the orc!
The foxfire hits the gnoll but does no damage.
The foxfire hits the orc.
The orc is moderately wounded.
The foxfire hits the gnoll but does no damage.
Your Dodging skill increases to level 2!
Your Stealth skill increases to level 3!
Unknown command.
Flames leap up around you!
The foxfire hits the orc.
You kill the orc!
The foxfire hits the orc priest but does no damage.
The orc priest calls down the wrath of Beogh upon you.
Beogh smites you!
Ouch! That really hurt!
You die...

######......#######.......
...........>..............
#.................§......#
#................§.o...).#
#...............§.)..(...######
#..............§§§....##......# .
#...........vvvvv.§).†##.####.#
..#...........vvvvv§....##.# #.#
......####....vv@vv.....##.# #..
...)..####...gvvvvv.....##.# ##..
......')...###############.###..#
.....b###### #...<.## .......
########....# #+#+####
.........#... #######.###..
#..#... ##.....


You could see an orc priest (ally target) and a gnoll (ally target).

Vanquished Creatures
  A gnoll (D:2)
  A worm (D:2)
  7 orcs (D:2)
  2 endoplasms (D:1)
  2 giant cockroaches (D:1)
  A hobgoblin (D:1)
  3 ball pythons
  3 bats
  4 frilled lizards
  5 goblins
  3 kobolds
  5 rats (D:1)
37 creatures vanquished.

Vanquished Creatures (others)
  24 foxfires (D:2)
24 creatures vanquished.

Grand Total: 61 creatures vanquished

Notes
Turn   | Place    | Note
-------+----------+-------------------------------------------
     0 | D:1      | Flugkiller the Octopode Cinder Acolyte began the quest for
                  | the Orb.
     0 | D:1      | Reached XP level 1. HP: 16/16 MP: 2/2
    37 | D:1      | Reached skill level 1 in Stealth
   191 | D:1      | Reached skill level 1 in Dodging
   191 | D:1      | Reached XP level 2. HP: 20/21 MP: 3/3
   233 | D:1      | Learned a level 2 spell: Scorch
   579 | D:1      | Found a faded altar of an unknown god.
   887 | D:2      | Reached XP level 3. HP: 23/26 MP: 4/4
   956 | D:2      | Killed from afar by an orc priest

Illustrated notes

Levels and vault maps discovered:
D:1:      heliophobic_arrival_enchanted_forest, layout_loops_ring,
          dreamdust_ecumenical_altar_angels_and_demons
D:2:      layout_basic, basic_altar, minmay_pentomino_x2, uniq_terence

Skill      XL: |  1  2  3 |
---------------+----------+-----
Stealth        | 1 2 3 |  3.3
Dodging        | 1 2 |  2.2
Fighting       | |  3.0
Polearms       | |  3.0
Spellcasting   | |  1.0
Fire Magic     | |  3.0

Action                   || total
-------------------------++-------
Melee: Spear             ||    73
       Constrict         ||    16
       Tentacles         ||    11
       Punch             ||     3
Invok: Foxfire Swarm     ||     3
  Use: Potion            ||     1
 Stab: Sleeping          ||     5
       Distracted        ||     1
Armor: Skin              ||     8
Dodge: Dodged            ||    29

Table legend: (Time is in decaauts)
 A = Elapsed time spent in this place.
 B = Non-inter-level travel time spent in this place.
 C = Inter-level travel time spent in this place.
 D = Time resting spent in this place.
 E = Time spent auto-exploring this place.
 F = Levels seen in this place.
 G = Mean time per level.
                   A        B        C        D        E       F      G
               +--------+--------+--------+--------+--------+-----+--------+
         Total |    952 |    930 |     22 |    187 |    570 |   2 |  476.0 |
       Dungeon |    952 |    930 |     22 |    187 |    570 |   2 |  476.0 |
               +--------+--------+--------+--------+--------+-----+--------+

Top non-repeatable levels by time:
     D:1: 827 daAuts
     D:2: 124 daAuts
